 Dungeon Crawl Stone Soup version 0.19-a0-1886-gd64a0f0 (webtiles) character file.

15297 vev the Severer (level 12, -6/71 HPs)
             Began as a Tengu Abyssal Knight on Oct 16, 2016.
             Was a High Priest of Lugonu.
             Mangled by azzavlup's ghost (30 damage)
             ... on level 3 of the Lair of Beasts.
             The game lasted 00:38:31 (15873 turns).

vev the Severer (Tengu Abyssal Knight)             Turns: 15873, Time: 00:38:33

Health: -6/71      AC: 12    Str: 13    XL:     12   Next: 25%
Magic:  17/17      EV: 15    Int: 17    God:    Lugonu [*****.]
Gold:   616        SH:  8    Dex: 21    Spells: 0 memorised, 11 levels left

rFire  + . .     SeeInvis .     a - +8 war axe "Leviticus" {elec, *Contam Int+4 Stlth+}
rCold  . . .     Gourm    .     O - +2 ring mail {rPois}
rNeg   . . .     Faith    .     N - +0 buckler
rPois  +         Spirit   .     (helmet restricted)
rElec  .         Dismiss  .     V - +0 cloak
rCorr  .         Reflect  +     o - +2 pair of gloves
MR     .....     Harm     .     (boots unavailable)
Stlth  +++.......               K - +2 amulet of reflection
                                H - +3 ring of dexterity
                                x - ring of protection from fire

@: no status effects
A: beak, talons 3, able to fly 1
a: Fly, Depart the Abyss, Bend Space, Banish, Corrupt, Enter the Abyss, Renounce
Religion


You were on level 3 of the Lair of Beasts.
You worshipped Lugonu.
Lugonu was extremely pleased with you.
You were hungry.

You visited 2 branches of the dungeon, and saw 13 of its levels.
You visited the Abyss 1 time.
You also visited: Ossuary.

You collected 616 gold pieces.

Inventory:

Hand Weapons
 a - the +8 war axe "Leviticus" (weapon) {elec, *Contam Int+4 Stlth+}
   (You took it off an orc on level 8 of the Dungeon)

   Occasionally, upon striking a foe, it will discharge some electrical energy
   and cause terrible harm.
   It affects your intelligence (+4).
   It causes magical contamination when unequipped.
   It makes you more stealthy.
 s - a +2 whip of distortion
Armour
 o - a +2 pair of gloves (worn)
 D - a +0 shield
 N - a +0 buckler (worn)
 O - a +2 ring mail of poison resistance (worn)
 Q - a +1 leather armour of cold resistance
 V - a +0 cloak (worn)
Jewellery
 x - a ring of protection from fire (left hand)
 H - a +3 ring of dexterity (right hand)
 K - a +2 amulet of reflection (around neck)
Wands
 F - a wand of lightning (4/15)
 I - a wand of confusion (31/48)
 J - a wand of acid (7/15)
 R - a wand of paralysis (10/24)
 W - a wand of digging (16/24)
 X - a wand of digging (9/24)
Scrolls
 d - 3 scrolls of blinking
 e - 3 scrolls of noise {unknown}
 f - 16 scrolls of remove curse
 g - 7 scrolls of teleportation
 h - a scroll of acquirement {unknown}
 k - 2 scrolls of enchant weapon
 n - 6 scrolls of fog
 p - 3 scrolls of recharging
 w - a scroll of magic mapping {unknown}
 y - 3 scrolls of fear
 z - 4 scrolls of enchant armour
 C - a scroll of silence {unknown}
 P - a scroll of torment {unknown}
 U - a scroll of amnesia {unknown}
 Y - a scroll of holy word {unknown}
Potions
 b - a potion of flight {unknown}
 i - 4 potions of might
 j - 5 potions of curing
 l - 7 potions of resistance
 r - 2 potions of cancellation {unknown}
 t - 2 potions of lignification
 u - 3 potions of brilliance
 A - 3 potions of agility
 B - a potion of invisibility {unknown}
 E - a potion of ambrosia {unknown}
 G - 3 potions of heal wounds
 L - a potion of haste {unknown}
 M - 2 potions of mutation {unknown}
Miscellaneous
 Z - 2 phantom mirrors
Comestibles
 c - 10 bread rations
 q - 2 meat rations
 v - 11 fruits
 S - 9 slices of pizza
 T - a beef jerky


   Skills:
 - Level 6.5 Fighting
   Level 3.1 Long Blades
 + Level 15.5 Axes
 - Level 5.1 Armour
 - Level 6.2 Dodging
 - Level 3.6 Stealth
 - Level 4.8 Shields
 - Level 5.4 Invocations


You had 11 spell levels left.
You didn't know any spells.

Dungeon Overview and Level Annotations

Branches:
Dungeon (10/15)            Temple (0/1) D:5            Lair (3/6) D:8
 Shoals (0/4) Lair:2          Orc (0/2) D:10
  Snake: Lair:2-4    Spider: Lair:2-4

Altars:
Dithmenos
Fedhas
Hepliaklqana
Makhleb
Qazlal
Ru
Zin

Annotations:
D:4 Grinder
D:9 1 exclusion
Lair:1 exclusion: oklob plant
Lair:3 azzavlup's ghost, journeyman TrFi


Innate Abilities, Weirdness & Mutations

You have a beak for a mouth.
You have claws for feet.
You can fly.


Message History

You slash azzavlup's ghost!
There is a sudden explosion of sparks!
Azzavlup's ghost is moderately damaged.
Azzavlup's ghost hits you but does no damage.
You hit azzavlup's ghost. Your kick misses azzavlup's ghost.
Azzavlup's ghost is moderately damaged.
You block azzavlup's ghost's attack.
You hit azzavlup's ghost but do no damage.
There is a sudden explosion of sparks!
You claw azzavlup's ghost, but do no damage.
Your peck misses azzavlup's ghost.
Azzavlup's ghost is heavily damaged.
Azzavlup's ghost hits you.
You closely miss azzavlup's ghost. You peck azzavlup's ghost.
Azzavlup's ghost is heavily damaged.
You slash azzavlup's ghost!
You claw azzavlup's ghost, but do no damage.
Azzavlup's ghost is heavily damaged.
Azzavlup's ghost hits you!! Azzavlup's ghost hits you!!
You die...

###..#
###(.....##
#..###
PP.##.#......##
.....
....#.#.......#
......
PP#.'.........#
...
............#
...
...........#
#........#
##>.....#
#...W@..+
#.......#
####.##.# ###
##


You could see azzavlup's ghost.

Vanquished Creatures
  Maurice (D:9)
  2 manticores
  2 black mambas (Lair:3)
  Joseph (D:9)
  4 komodo dragons
  3 spiny frogs
  8 blink frogs
  A hippogriff (Lair:3)
  A water elemental (Lair:2)
  5 yaks (D:10)
  4 hogs (D:9)
  A basilisk (Lair:3)
  2 wraiths
  A human (D:9)
  A wyvern (Lair:1)
  Grum (D:9)
  3 water moccasins
  3 porcupines
  A hell hound (D:8)
  An orc warrior (D:10)
  An ice beast (D:10)
  A black bear (Lair:1)
  5 ogres
  A phantom (D:10)
  6 wolves
  6 crocodiles
  3 centaurs
  Blork the orc (D:4)
  2 big kobolds
  7 bullfrogs
  An elf zombie (Ossuary)
  A gnoll sergeant (D:6)
  A water moccasin skeleton (D:8)
  4 scorpions
  12 killer bees (D:10)
  9 wights
  4 howler monkeys
  4 crimson imps
  A centaur zombie (D:6)
  6 jellies
  5 hounds
  A bullfrog skeleton (D:8)
  5 orc priests
  6 orc wizards
  An iguana (D:7)
  7 worker ants
  2 hound skeletons
  3 mummies (Ossuary)
  A howler monkey skeleton (D:6)
  6 gnolls (D:6)
  6 adders
  3 shadow imps
  2 oozes
  An adder zombie (D:8)
  2 worms
  A dart slug (D:2)
  5 leopard geckos
  25 orcs
  A ball python (D:3)
  5 bats
  4 giant cockroaches (D:2)
  A gnoll zombie (Ossuary)
  11 goblins
  8 hobgoblins
  26 jackals
  21 kobolds
  7 quokkas
  5 frilled lizards
  A giant cockroach zombie (D:5)
  5 goblin zombies (Ossuary)
  2 hobgoblin zombies (Ossuary)
  2 kobold zombies (Ossuary)
  A leopard gecko zombie (D:6)
  A quokka zombie (D:8)
  9 rats
  3 plants (Lair:2)
317 creatures vanquished.

Vanquished Creatures (others)
  3 hydras
  A hell hound (D:8)
  A water moccasin (D:6)
  A phantom (D:7)
  A bullfrog (D:6)
  A big kobold (D:7)
  A scorpion (D:6)
  A wight (D:7)
  A hound zombie (D:5)
  A howler monkey skeleton (D:7)
  A gnoll (D:6)
  A jackal (D:5)
  A goblin zombie (Ossuary)
  A leopard gecko skeleton (D:4)
  7 fungi
  2 plants
25 creatures vanquished.

Grand Total: 342 creatures vanquished

Notes
Turn   | Place    | Note
-------+----------+-------------------------------------------
     0 | Abyss:1  | vev the Tengu Abyssal Knight began the quest for the Orb.
     0 | Abyss:1  | Reached XP level 1. HP: 14/14 MP: 3/3
    59 | Abyss:1  | Noticed a worldbinder
    64 | Abyss:1  | Noticed a blink frog
    64 | Abyss:1  | Noticed a blink frog
    64 | Abyss:1  | Noticed a blink frog
    64 | D:1      | Escaped the Abyss
   301 | D:1      | Reached * piety under Lugonu
   317 | D:1      | Reached XP level 2. HP: 17/19 MP: 4/4
   706 | D:1      | Reached XP level 3. HP: 21/23 MP: 5/5
   900 | D:2      | Reached skill level 2 in Invocations
  1054 | D:2      | Reached skill level 2 in Dodging
  1124 | D:2      | Reached XP level 4. HP: 28/28 MP: 6/6
  1203 | D:2      | Reached ** piety under Lugonu
  1670 | D:3      | Reached skill level 3 in Armour
  1992 | D:3      | Noticed a sky beast
  2667 | D:4      | Noticed Blork the orc
  2673 | D:4      | Gained mutation: You can fly. [Tengu growth]
  2673 | D:4      | Reached XP level 5. HP: 29/32 MP: 7/7
  2686 | D:4      | Reached skill level 3 in Long Blades
  2789 | D:4      | the leopard gecko skeleton is devoured by a tear in reality.
  2813 | D:4      | Killed Blork the orc
  2813 | D:4      | Reached skill level 4 in Fighting
  2813 | D:4      | Reached skill level 3 in Dodging
  2914 | D:4      | Noticed an ogre
  2919 | D:4      | Noticed Grinder
  2934 | D:4      | Killed an ogre
  2934 | D:4      | Reached skill level 3 in Invocations
  2934 | D:4      | Reached XP level 6. HP: 37/38 MP: 9/9
  3135 | D:5      | Entered Level 5 of the Dungeon
  3193 | D:5      | Reached skill level 4 in Armour
  3251 | D:5      | Found a staircase to the Ecumenical Temple.
  3319 | D:5      | Found a burning altar of Makhleb.
  3354 | D:5      | Reached XP level 7. HP: 6/44 MP: 10/10
  3412 | D:5      | Reached skill level 1 in Stealth
  3604 | D:5      | Reached skill level 4 in Dodging
  3610 | D:5      | HP: 4/44 [poisoned by a scorpion]
  3616 | D:5      | HP: 3/44 [poisoned by a scorpion]
  3624 | D:5      | HP: 2/44 [poisoned by a scorpion]
  4029 | D:5      | Reached *** piety under Lugonu
  4034 | D:5      | the jackal is devoured by a tear in reality.
  4048 | D:5      | Reached skill level 5 in Fighting
  4048 | D:5      | Reached skill level 2 in Stealth
  4048 | D:5      | Reached skill level 4 in Invocations
  4383 | D:5      | the hound zombie is devoured by a tear in reality.
  4412 | D:5      | Found a stormy altar of Qazlal.
  4414 | D:5      | Found a shadowy altar of Dithmenos.
  4689 | D:6      | the water moccasin is devoured by a tear in reality.
  4696 | D:6      | the scorpion is devoured by a tear in reality.
  4696 | D:6      | Reached XP level 8. HP: 34/49 MP: 4/12
  4792 | D:6      | the bullfrog is devoured by a tear in reality.
  4805 | D:6      | Found a sand-covered staircase.
  4813 | Ossuary  | Entered an ossuary
  4813 | Ossuary  | Noticed a wraith
  4813 | Ossuary  | Noticed a wraith
  4813 | Ossuary  | Noticed a wraith
  4995 | Ossuary  | Noticed a wraith
  5002 | Ossuary  | Killed a wraith
  5002 | Ossuary  | Reached skill level 5 in Dodging
  5002 | Ossuary  | Reached skill level 3 in Stealth
  5291 | D:6      | the gnoll is devoured by a tear in reality.
  5557 | D:6      | Reached **** piety under Lugonu
  5694 | D:6      | HP: 5/51 [gnoll/spear (3)]
  6028 | D:6      | Reached skill level 1 in Shields
  6034 | D:6      | Reached skill level 2 in Shields
  6442 | D:7      | the wight is devoured by a tear in reality.
  6470 | D:7      | Reached skill level 3 in Shields
  6594 | D:7      | Found a blossoming altar of Fedhas.
  6799 | D:7      | the phantom is devoured by a tear in reality.
  6799 | D:7      | Reached XP level 9. HP: 41/55 MP: 13/13
  6802 | D:7      | the big kobold is devoured by a tear in reality.
  6802 | D:7      | Reached skill level 4 in Shields
  7084 | D:7      | the howler monkey skeleton is devoured by a tear in reality.
  7212 | D:7      | You fall through a shaft!
  7221 | D:8      | Reached skill level 6 in Fighting
  7229 | D:8      | the hell hound is devoured by a tear in reality.
  7229 | D:8      | Reached skill level 5 in Invocations
  7363 | D:8      | Got a scorched war axe {elec}
  7364 | D:8      | Identified the +8 war axe "Leviticus" {elec, *Contam Int+4 Stlth+} (You took it off an orc on level 8 of the Dungeon)
  7829 | D:7      | Reached skill level 6 in Dodging
  8012 | D:7      | Reached skill level 5 in Armour
  8320 | D:8      | Reached skill level 1 in Axes
  8338 | D:8      | Reached skill level 2 in Axes
  8357 | D:8      | Reached ***** piety under Lugonu
  8357 | D:8      | Reached skill level 3 in Axes
  8369 | D:8      | Found a staircase to the Lair.
  8371 | D:8      | Found a hazy altar of Hepliaklqana.
  8573 | D:8      | Reached skill level 4 in Axes
  8895 | D:9      | Noticed Grum
  8905 | D:9      | Reached skill level 5 in Axes
  8912 | D:9      | Killed Grum
  8912 | D:9      | Reached XP level 10. HP: 24/61 MP: 15/15
  8916 | D:9      | Reached skill level 6 in Axes
  9196 | D:9      | Noticed Joseph
  9208 | D:9      | Killed Joseph
  9208 | D:9      | Reached skill level 7 in Axes
  9349 | D:9      | Noticed Maurice
  9448 | D:9      | Reached skill level 8 in Axes
  9662 | D:9      | Reached skill level 9 in Axes
  9694 | D:9      | Killed Maurice
  9834 | D:9      | Found a glowing silver altar of Zin.
 10141 | D:9      | Found a sacrificial altar of Ru.
 10441 | D:10     | Entered Level 10 of the Dungeon
 10511 | D:10     | Reached skill level 10 in Axes
 10547 | D:10     | Reached skill level 11 in Axes
 10549 | D:10     | Reached XP level 11. HP: 17/66 MP: 16/16
 10840 | D:10     | Found a staircase to the Orcish Mines.
 11487 | D:10     | Noticed a manticore
 11499 | D:10     | HP: 5/66 [manticore (10)]
 11504 | D:10     | Killed a manticore
 11504 | D:10     | Reached skill level 12 in Axes
 12009 | Lair:1   | Entered Level 1 of the Lair of Beasts
 12170 | Lair:1   | Noticed an oklob plant
 12749 | Lair:1   | HP: 3/66 [acid (16)]
 13127 | Lair:1   | Reached skill level 13 in Axes
 13699 | Lair:2   | Noticed an eight-headed hydra
 13703 | Lair:2   | the eight-headed hydra is devoured by a tear in reality.
 13703 | Lair:2   | Banished an eight-headed hydra
 13707 | Lair:2   | Noticed a manticore
 13720 | Lair:2   | Killed a manticore
 13720 | Lair:2   | Reached skill level 14 in Axes
 14787 | Lair:2   | Found a staircase to the Shoals.
 14804 | Lair:2   | Reached XP level 12. HP: 59/71 MP: 17/17
 15157 | Lair:3   | Noticed a six-headed hydra
 15162 | Lair:3   | the six-headed hydra is devoured by a tear in reality.
 15162 | Lair:3   | Banished a six-headed hydra
 15162 | Lair:3   | Reached skill level 15 in Axes
 15623 | Lair:3   | Noticed a four-headed hydra
 15625 | Lair:3   | the four-headed hydra is devoured by a tear in reality.
 15625 | Lair:3   | Banished a four-headed hydra
 15858 | Lair:3   | Noticed azzavlup's ghost (journeyman TrFi)
 15873 | Lair:3   | Mangled by azzavlup's ghost

Vault maps used:
D:1:      minmay_arrival_doors, minmay_split_cup_small
D:2:      first_bread
D:4:      feat_on_display, uniq_blork_the_orc, uniq_grinder, uniq_robin
D:5:      kennysheep_mini, nicolae_overflow_hidden_temple
D:6:      nicolae_ossuary_entry_plus
D:7:      basic_altar
D:8:      lemuel_crystal_altar, minmay_lair_entry_lava
D:9:      zin_treasury, old_standard_altar, grunt_livestock, uniq_joseph,
          uniq_maurice, uniq_grum
Lair:1:   minmay_lair_oklob_bushes, grunt_megastairs_3, lemuel_fruit_tree,
          serial_bayou_shore_b
Lair:2:   minmay_shoals_entry_beasts, wad_woods_road_03
Lair:3:   ldierk_geyser
Ossuary:  ossuary_kennysheep_city_of_the_dead

Skill      XL: |  1  2  3  4  5  6  7  8  9 10 11 12 |
---------------+-------------------------------------+-----
Invocations    | 2 3 4 5 |  5.4
Dodging        | 2 3 4 5 6 |  6.2
Armour         | 3 4 5 |  5.1
Long Blades    | 3 |  3.1
Fighting       | 4 5 6 |  6.5
Stealth        | 2 3 |  3.6
Shields        | 3 4 |  4.8
Axes           | 5 11 14 15 | 15.5

Action                   |  1- 3 |  4- 6 |  7- 9 | 10-12 || total
-------------------------+-------+-------+-------+-------++-------
Melee: Falchion          |    84 |    58 |       |       ||   142
       Kick              |    17 |    29 |    98 |   112 ||   256
       Peck              |    18 |    18 |    57 |    71 ||   164
       Whip              |       |    63 |   274 |       ||   337
       War axe           |       |       |   106 |   373 ||   479
Throw: Throwing net      |       |       |     1 |     1 ||     2
Invok: Depart the Abyss  |     1 |       |       |       ||     1
       Banish            |       |       |     2 |     5 ||     7
  Use: Scroll            |       |     4 |    11 |     6 ||    21
       Potion            |       |     1 |     1 |     6 ||     8
 Stab: Sleeping          |       |     2 |     3 |     9 ||    14
       Distracted        |       |       |     1 |     2 ||     3
  Eat: Chunk             |     1 |     7 |    16 |    19 ||    43
       Beef jerky        |       |       |     2 |     1 ||     3
       Royal jelly       |       |       |       |     1 ||     1
Armor: Leather armour    |    26 |    27 |     9 |    52 ||   114
       Ring mail         |       |       |    27 |     6 ||    33
       Scale mail        |       |       |    71 |       ||    71
Dodge: Dodged            |    54 |    83 |   246 |   188 ||   571
Block: Other             |       |       |    12 |       ||    12
       Buckler           |       |       |    21 |    96 ||   117
       Reflection        |       |       |     2 |     3 ||     5
       Rpst.: Falchion   |    17 |    24 |       |       ||    41
